 Dungeon Crawl Stone Soup version 0.24.0-28-g17ded55e90 (webtiles) character file.

Game seed: 11238246312557130330, levelgen mode: deterministic

3601 lepoulpe303 the Ruffian (level 9, -2/89 HPs)
             Began as a Troll Hunter on Nov 12, 2019.
             Was a Priest of Makhleb.
             Slain by a hornet (12 damage)
             ... while paralysed by a hornet
             ... on level 8 of the Dungeon.
             The game lasted 00:15:36 (7260 turns).

lepoulpe303 the Ruffian (Troll Hunter)              Turns: 7260, Time: 00:15:36

Health: -2/89      AC:  8    Str: 24    XL:     9   Next: 85%
Magic:  12/12      EV:  1    Int:  7    God:    Makhleb [***...]
Gold:   382        SH:  0    Dex: 11    Spells: 8/8 levels left

rFire    + . .     SeeInvis .     - Unarmed
rCold    . . .     Gourm    +   (no shield)
rNeg     . . .     Faith    .   s - +2 robe {rF+} {rF+}
rPois    .         Spirit   .   (helmet restricted)
rElec    .         Reflect  .   b - scarf {cloud immunity}
rCorr    .         Harm     .   (gloves unavailable)
MR       .....                  (boots unavailable)
Stlth    ++........             (no amulet)
HPRegen  0.64/turn              (no ring)
MPRegen  0.13/turn              (no ring)

@: paralysed, lethally poisoned (-2 -> -19), slowed
A: large, unfitting armour, claws 3, fast metabolism 3, gourmand, regeneration
1, shaggy fur 1, tough skin 3
a: Minor Destruction, Lesser Servant of Makhleb, Renounce Religion


You were on level 8 of the Dungeon.
You worshipped Makhleb.
Makhleb was most pleased with you.
You were full.

You visited 1 branch of the dungeon, and saw 8 of its levels.

You collected 382 gold pieces.

Inventory:

Missiles
 c - 5 large rocks {!d}
 d - 2 throwing nets {=f}
 f - 20 boomerangs (quivered)
 r - 57 poisoned darts
 Q - 220 stones
Armour
 b - a scarf of cloud immunity (worn)
 s - a +2 robe of fire resistance (worn) {rF+}
Jewellery
 h - an uncursed ring of magical power {MP+9}
 u - an uncursed amulet of magic regeneration
Wands
 a - a wand of paralysis (13)
 w - a wand of flame (10)
Scrolls
 g - a scroll of amnesia
 i - 5 scrolls of identify
 j - a scroll of fog {unknown}
 k - a scroll of silence {unknown}
 l - a scroll of remove curse {unknown}
 m - 6 scrolls of magic mapping {!r}
 p - a scroll of holy word {unknown}
 t - a scroll of teleportation
 x - a scroll of enchant weapon {unknown}
Potions
 n - a potion of resistance
 o - a potion of mutation {!q}
 q - a potion of curing
 v - 2 potions of brilliance {unknown}
Comestibles
 e - 10 rations


   Skills:
 * Level 5.8 Fighting
 + Level 5.7 Throwing
 + Level 4.1 Dodging
 + Level 3.0 Stealth
 * Level 6.6 Unarmed Combat
 * Level 5.5 Invocations


You had 8 spell levels left.
You didn't know any spells.
Your spell library was empty.

Dungeon Overview and Level Annotations

Branches:
Dungeon (8/15)             Temple (0/1) D:6
   Lair: D:8-11

Altars:
Elyvilon
Makhleb

Shops:
D:7 [   D:8 (


Innate Abilities, Weirdness & Mutations

You are too large for most types of armour.
You have claws for hands.
Your metabolism is lightning-fast.
You like to eat raw meat.
Your natural rate of healing is unusually fast.
You are covered in fur. (AC +1)
You have extremely tough skin. (AC +3)


Message History

The hornet stings you but does no damage. x2
You take 2 damage, and have 46/89 hp.
You scratch the hornet but do no damage.
You feel very sick.
The hornet stings you but does no damage. x2
You take 2 damage, and have 44/89 hp.
You scratch the hornet.
You feel sick. The hornet barely misses you.
The hornet stings you but does no damage.
You take 1 damage, and have 43/89 hp.
You scratch the hornet.
You feel sick. The hornet stings you.
* * * LOW HITPOINT WARNING * * *
You suddenly lose the ability to move!
The hornet stings you!
* * * LOW HITPOINT WARNING * * *
You are more poisoned.
You feel as though you will be slow longer.
You feel sick. The hornet stings you!
* * * LOW HITPOINT WARNING * * *
You are more poisoned.
You shrug off the repeated paralysis!
The hornet stings you!
You die...

#.# #.# ## ##'## #.#
##...# ##a# ###
##..... #.#y####.##
##......
#.#@##...####......>
#.##.......'.......
###.##..).####.......
#.....#..## ##......
##..^.#.## ##.....
##.#.#.# ##...#
#.#...# ##'## #.###.#
#.# #.# #.# #.#


You could see a soldier ant and a hornet.

Levels and vault maps discovered:
D:1:      dpeg_arrival_brainrot, layout_loops_corners
D:2:      layout_basic, first_ration, makhleb_blood_cavern_becter
D:3:      minmay_door_path, layout_loops_ring, minmay_splitting_lines,
          minmay_distorted, uniq_grinder
D:4:      layout_layer_cave, uniq_crazy_yiuf_cottage, uniq_pikel
D:5:      layout_loops_cross, dk_noncrumbling_2, minmay_mini_ossuary,
          uniq_sigmund
D:6:      layout_basic, elyvilon_altar_1, minmay_temple_entry_crystal_x,
          kennysheep_small_spiral
D:7:      layout_basic, serial_shops, shop
D:8:      layout_loops_corners, serial_shops, nicolae_shop_statue_plus,
          hangedman_pestilent_swarm

Notes
Turn   | Place    | Note
-------+----------+-------------------------------------------
     0 | D:1      | lepoulpe303 the Troll Hunter began the quest for the Orb.
     0 | D:1      | Reached XP level 1. HP: 19/19 MP: 0/0
   144 | D:1      | Identified a +0 dagger
   175 | D:1      | Reached XP level 2. HP: 28/28 MP: 1/1
   218 | D:1      | Identified a +0 club
   351 | D:1      | Identified a +0 club
   370 | D:1      | Identified a +0 dagger
   383 | D:1      | Identified a cursed +0 club
   390 | D:1      | Reached skill level 1 in Unarmed Combat
   433 | D:1      | Identified a +0 club
   436 | D:1      | Reached skill level 2 in Fighting
   506 | D:1      | Identified a +0 club
   674 | D:1      | Identified a +0 club
   675 | D:1      | Identified a +0 dagger
   814 | D:1      | Reached XP level 3. HP: 35/35 MP: 2/2
   920 | D:1      | Identified a +0 cloak (You found it on level 1 of the
                  | Dungeon)
   970 | D:2      | Identified a +0 club
  1047 | D:2      | Identified a +0 club
  1060 | D:2      | Identified a +0 club
  1119 | D:2      | Reached skill level 1 in Stealth
  1368 | D:2      | Found a burning altar of Makhleb.
  1374 | D:2      | Reached XP level 4. HP: 36/44 MP: 3/3
  1537 | D:2      | Identified a +0 club
  1583 | D:2      | Reached skill level 2 in Dodging
  1692 | D:2      | Reached skill level 2 in Unarmed Combat
  1778 | D:2      | Identified a +0 dagger
  1910 | D:2      | Identified a +0 club
  1948 | D:2      | Reached XP level 5. HP: 50/50 MP: 4/4
  2060 | D:2      | Became a worshipper of Makhleb the Destroyer
  2146 | D:3      | Identified a +0 whip
  2630 | D:3      | Identified a +0 club
  2703 | D:3      | Reached skill level 4 in Throwing
  2851 | D:3      | Noticed Grinder
  2867 | D:3      | Killed Grinder
  2867 | D:3      | Reached skill level 3 in Fighting
  2867 | D:3      | Reached skill level 3 in Unarmed Combat
  2867 | D:3      | Reached skill level 1 in Invocations
  2867 | D:3      | Reached XP level 6. HP: 31/61 MP: 4/6
  3023 | D:4      | Identified a +0 hand axe
  3023 | D:4      | Identified a +0 flail
  3023 | D:4      | Identified a +0 ring mail
  3025 | D:4      | Identified a +0 trident
  3038 | D:4      | Reached * piety under Makhleb
  3046 | D:4      | Reached skill level 2 in Invocations
  3136 | D:4      | Identified a +1 whip of freezing
  3136 | D:4      | Identified a +2 robe of fire resistance
  3136 | D:4      | Noticed Pikel
  3208 | D:4      | Reached XP level 7. HP: 57/67 MP: 7/7
  3338 | D:4      | Identified a +0 dagger
  3359 | D:4      | Identified a +0 club
  3361 | D:4      | Identified a +0 falchion
  3367 | D:4      | Identified a +0 dagger
  3367 | D:4      | Identified a +0 chain mail
  3372 | D:4      | Identified a +0 dagger
  3374 | D:4      | Identified a +2 short sword of venom
  3960 | D:4      | Found a runed translucent door.
  3961 | D:4      | Identified a +3 quarterstaff of chaos
  3961 | D:4      | Identified a +0 cloak
  3961 | D:4      | Noticed Crazy Yiuf
  3969 | D:4      | Killed Crazy Yiuf
  4180 | D:4      | Killed Pikel
  4180 | D:4      | Reached skill level 4 in Fighting
  4180 | D:4      | Reached skill level 3 in Dodging
  4180 | D:4      | Reached skill level 2 in Stealth
  4180 | D:4      | Reached skill level 4 in Unarmed Combat
  4180 | D:4      | Reached skill level 3 in Invocations
  4180 | D:4      | Reached XP level 8. HP: 78/78 MP: 7/9
  4241 | D:5      | Entered Level 5 of the Dungeon
  4242 | D:5      | Identified a +0 giant club
  4301 | D:5      | Identified a +0 dagger
  4301 | D:5      | Identified a +0 robe
  4301 | D:5      | Identified a +0 hand axe
  4301 | D:5      | Identified a +0 leather armour
  4301 | D:5      | Identified a +0 flail of crushing
  4301 | D:5      | Identified a +0 club
  4377 | D:5      | Identified a cursed -2 giant club
  4500 | D:5      | Identified a +0 dagger
  4500 | D:5      | Identified a +0 leather armour
  4688 | D:5      | Identified a +3 scythe of venom
  4688 | D:5      | Identified a +0 robe
  4688 | D:5      | Noticed Sigmund
  4690 | D:5      | Killed Sigmund
  4690 | D:5      | Reached skill level 5 in Unarmed Combat
  4694 | D:5      | Reached skill level 4 in Invocations
  4795 | D:5      | Identified a +0 mace
  4799 | D:5      | Reached ** piety under Makhleb
  4839 | D:5      | Reached skill level 5 in Throwing
  5114 | D:5      | Identified a scarf of cloud immunity (You found it on level
                  | 5 of the Dungeon)
  5115 | D:5      | Identified 8 scrolls of identify
  5115 | D:5      | Identified 5 scrolls of magic mapping
  5116 | D:5      | Identified 2 scrolls of teleportation
  5117 | D:5      | Identified 2 scrolls of amnesia
  5118 | D:5      | Identified a ring of magical power (You found it on level 1
                  | of the Dungeon)
  5119 | D:5      | Identified a potion of resistance
  5120 | D:5      | Identified 2 potions of degeneration
  5122 | D:5      | Identified a potion of mutation
  5291 | D:6      | Identified a cursed -3 flail
  5291 | D:6      | Identified a +0 leather armour
  5293 | D:6      | Identified a +0 scale mail
  5294 | D:6      | Identified a +0 club
  5294 | D:6      | Identified a +0 ring mail
  5300 | D:6      | Identified a +2 hand axe of chopping
  5307 | D:6      | Identified a +0 club
  5338 | D:6      | Found a staircase to the Ecumenical Temple.
  5349 | D:6      | Identified a cursed -2 giant club
  5354 | D:6      | Reached XP level 9. HP: 87/87 MP: 11/11
  5360 | D:6      | Identified an amulet of magic regeneration (You found it on
                  | level 6 of the Dungeon)
  5448 | D:6      | Found a white marble altar of Elyvilon.
  5531 | D:6      | Reached skill level 5 in Fighting
  6060 | D:7      | Identified a +0 giant spiked club
  6060 | D:7      | Identified a +3 mace of freezing
  6060 | D:7      | Identified a +0 robe
  6082 | D:7      | Identified a +0 dagger
  6082 | D:7      | Identified a +0 robe
  6085 | D:7      | Identified a +5 short sword
  6085 | D:7      | Identified a +0 robe
  6086 | D:7      | Identified a +0 falchion
  6086 | D:7      | Identified a cursed +0 halberd of venom
  6086 | D:7      | Identified a +0 robe
  6115 | D:7      | Identified a +3 dagger
  6115 | D:7      | Identified a +0 robe
  6149 | D:7      | Identified a +0 whip
  6151 | D:7      | Identified a +0 ring mail
  6211 | D:7      | Identified a +0 whip
  6211 | D:7      | Identified a +0 leather armour
  6237 | D:7      | Reached skill level 6 in Unarmed Combat
  6246 | D:7      | Identified a +0 whip
  6246 | D:7      | Identified a +0 short sword
  6247 | D:7      | Reached *** piety under Makhleb
  6249 | D:7      | Identified a +0 whip
  6292 | D:7      | Reached skill level 5 in Invocations
  6333 | D:7      | Found Zomots's Antique Armour Emporium.
  6475 | D:7      | Identified a +0 whip
  6476 | D:7      | Identified a cursed +0 flail
  6476 | D:7      | Identified a +0 leather armour
  6476 | D:7      | Identified a +0 hand axe
  6477 | D:7      | Identified a +0 dagger
  6477 | D:7      | Identified a +0 robe
  6481 | D:7      | Identified a +0 hand axe
  6481 | D:7      | Identified a +0 ring mail
  6487 | D:7      | Identified a +0 flail
  6507 | D:7      | Identified a +0 hand axe
  6507 | D:7      | Identified a +0 leather armour
  6525 | D:7      | Identified a +0 short sword
  6525 | D:7      | Identified a +0 plate armour
  6530 | D:7      | Identified a +0 dagger
  6530 | D:7      | Identified a +0 robe
  6551 | D:7      | Reached skill level 4 in Dodging
  6606 | D:7      | Identified a +0 whip
  6800 | D:7      | Identified a +0 leather armour
  7030 | D:8      | Reached skill level 3 in Stealth
  7171 | D:8      | Identified a +0 shortbow
  7188 | D:8      | Found Soloewk's Antique Weapon Emporium.
  7259 | D:8      | Paralysed by a hornet for 2 turns
  7260 | D:8      | HP: 10/89 [hornet (15)]
  7260 | D:8      | Slain by a hornet

Table legend:
 A = Turns spent in this place as a percentage of turns spent in the entire game.
 B = Non-inter-level travel turns spent in this place as a percentage of non-inter-level travel turns spent in the entire game.
 C = Inter-level travel turns spent in this place as a percentage of turns spent in this place.
 D = Turns resting spent in this place as a percentage of non-inter-level travel turns spent in this place.
 E = Turns spent auto-exploring this place as a percentage of non-inter-level travel turns spent in this place.
 F = Non-inter-level travel turns spent in this place divided by the number of levels of this place that you've seen.
                   A       B       C       D       E      F
               +-------+-------+-------+-------+-------+----------------------
         Total | 100.0 | 100.0 |   4.0 |   7.4 |  74.0 | 870.8
       Dungeon | 100.0 | 100.0 |   4.0 |   7.4 |  74.0 | 870.8
               +-------+-------+-------+-------+-------+----------------------

Table legend:
 A = Kills in this place as a percentage of kills in entire the game.
 B = Kills by you in this place as a percentage of kills by you in the entire game.
 C = Kills by friends in this place as a percentage of kills by friends in the entire game.
 D = Other kills in this place as a percentage of other kills in the entire game.
 E = Experience gained in this place as a percentage of experience gained in the entire game.
 F = Experience gained in this place divided by the number of levels of this place that you have seen.
                   A       B       C       D       E      F
               +-------+-------+-------+-------+-------+----------------------
         Total | 100.0 | 100.0 | 100.0 |   N/A | 100.0 | 643.1
       Dungeon | 100.0 | 100.0 | 100.0 |   N/A | 100.0 | 643.1
               +-------+-------+-------+-------+-------+----------------------

Skill      XL: |  1  2  3  4  5  6  7  8  9 |
---------------+----------------------------+-----
Unarmed Combat | 1 2 3 4 5 6 |  6.6
Fighting       | 2 3 4 5 |  5.8
Stealth        | 1 2 3 |  3.0
Dodging        | 2 3 4 |  4.1
Throwing       | 4 5 |  5.7
Invocations    | 1 2 3 4 5 |  5.5

Action                   |  1- 3 |  4- 6 |  7- 9 || total
-------------------------+-------+-------+-------++-------
Melee: Unarmed           |    67 |   145 |   239 ||   451
       Punch             |       |       |     6 ||     6
Throw: Large rock        |     3 |     4 |     8 ||    15
       Stone             |    85 |    96 |     5 ||   186
       Boomerang         |       |       |   177 ||   177
       Dart              |       |       |    11 ||    11
Invok: Minor Destruction |       |       |     1 ||     1
       Lesser Servant of |       |       |     1 ||     1
  Use: Scroll            |       |       |     8 ||     8
       Potion            |       |       |     1 ||     1
 Stab: Sleeping          |     2 |     1 |     2 ||     5
  Eat: Chunk             |    18 |    17 |    49 ||    84
Armor: Robe              |    33 |    47 |    81 ||   161
Dodge: Dodged            |    35 |    61 |   106 ||   202

Vanquished Creatures
  Pikel (D:4)
  Grinder (D:3)
  Sigmund (D:5)
  A wyvern (D:8)
  2 hungry ghosts (D:7)
  A water moccasin (D:7)
  A sky beast (D:6)
  4 ogres
  A centaur (D:8)
  A bullfrog (D:7)
  A scorpion (D:7)
  3 killer bees (D:6)
  4 wights (D:7)
  A howler monkey (D:6)
  A crimson imp (D:7)
  A bullfrog zombie (D:7)
  A quasit (D:8)
  2 jellies (D:6)
  Crazy Yiuf (D:4)
  6 hounds
  A bullfrog skeleton (D:5)
  4 orc priests
  A centaur skeleton (D:4)
  5 iguanas
  4 orc wizards
  7 worker ants
  A mummy (D:5)
  2 worker ant zombies
  15 adders
  An adder skeleton (D:6)
  3 worms
  5 dart slugs
  3 leopard geckos
  31 orcs
  4 giant cockroaches
  7 goblins
  16 hobgoblins
  4 jackals
  8 kobolds
  2 quokkas (D:5)
  6 bats
  3 frilled lizards
  3 kobold zombies (D:5)
  A leopard gecko skeleton (D:5)
  An orc zombie (D:5)
  11 rats
184 creatures vanquished.

Vanquished Creatures (collateral kills)
  An orc warrior (D:7)
  A quokka (D:7)
2 creatures vanquished.

Grand Total: 186 creatures vanquished
